 Dungeon Crawl Stone Soup version 0.22-a0-247-gbddf880 (webtiles) character file.

549742 Amnesiac the Cloud Mage (level 26, -19/160 HPs)
             Began as a Tengu Air Elementalist on Feb 23, 2018.
             Was an Elder of Sif Muna.
             Killed from afar by Antaeus (42 damage)
             ... with a flash freeze
             ... on level 7 of Cocytus on Feb 24, 2018.
             The game lasted 03:18:07 (58591 turns).

Amnesiac the Cloud Mage (Tengu Air Elementalist)   Turns: 58591, Time: 03:18:08

Health: -19/160    AC: 16    Str:  9    XL:     26   Next: 82%
Magic:  0/62       EV: 29    Int: 30    God:    Sif Muna [****..]
Gold:   3841       SH:  8    Dex: 17    Spells: 14/73 levels left

rFire    + . .     SeeInvis +   D - staff of air
rCold    + . .     Gourm    .   o - +3 buckler {AC+3}
rNeg     . . .     Faith    .   R - +2 robe {Archmagi}
rPois    +         Spirit   +   O - +3 hat of Pondering {ponderous, MR+ MP+10 Int+5}
rElec    +         Reflect  .   H - scarf {rC+ rF+}
rCorr    .         Harm     .   I - +2 pair of gloves
MR       ++...                  (boots unavailable)
Stlth    ++........             Z - amulet "Enosm" {Spirit rPois}
HPRegen  0.36/turn              d - ring of wizardry
MPRegen  0.38/turn              c - +4 ring of protection

@: flying quickly and evasively, very slightly contaminated, divine energy,
deflect missiles
A: beak, claws 1, talons 3, see invisible, deformed body, able to fly 2
}: 2/15 runes: slimy, abyssal
a: Stop Flying, Stop Divine Energy, Channel Magic, Forget Spell, Renounce
Religion


You were on level 7 of Cocytus.
You worshipped Sif Muna.
Sif Muna was greatly pleased with you.
You were not hungry.

You visited 10 branches of the dungeon, and saw 46 of its levels.
You visited the Abyss 1 time.
You also visited: Wizlab.

You collected 5610 gold pieces.
You spent 1769 gold pieces at shops.

Inventory:

Missiles
 h - 6 poisoned tomahawks (quivered)
 k - 2 needles of confusion
 z - 2 throwing nets
 B - 1265 arrows
 L - 33 poisoned needles
 Q - 4 needles of sleeping
 T - 7 curare-tipped needles
Armour
 o - a +3 buckler of protection (worn)
 E - a +2 cloak of poison resistance
 H - a scarf of resistance (worn)
 I - a +2 pair of gloves (worn)
 O - the +3 hat of Pondering (worn) {ponderous, MR+ MP+10 Int+5}
   (You found it on level 14 of the Dungeon)

   It affects your intelligence (+5).
   It affects your resistance to hostile enchantments.
   It affects your magic capacity (+10).
 R - a +2 robe of the Archmagi (worn)
Magical Staves
 t - an uncursed staff of conjuration
 C - an uncursed staff of energy
 D - an uncursed staff of air (weapon)
Jewellery
 c - a +4 ring of protection (right hand)
 d - a ring of wizardry (left hand)
 Z - the amulet "Enosm" (around neck) {Spirit rPois}
   (You took it off a deep elf death mage on level 3 of the Elven Halls)

   [amulet of guardian spirit]

   It causes incoming damage to be split between your health and magic.
   It protects you from poison.
Wands
 y - a wand of digging (3)
Scrolls
 b - 3 scrolls of holy word {!r}
 f - 2 scrolls of silence {!r}
 i - 9 scrolls of magic mapping {!r}
 l - 4 scrolls of enchant weapon {!r}
 m - 4 scrolls of summoning {!r}
 n - 2 scrolls of amnesia {!r}
 q - 4 scrolls of fear {!r}
 r - 11 scrolls of identify {!r}
 v - 3 scrolls of blinking {!r}
 w - 11 scrolls of remove curse {!r}
 x - 13 scrolls of teleportation {!r}
 F - 5 scrolls of enchant armour {!r}
 K - 8 scrolls of vulnerability {!r}
 N - 2 scrolls of torment {!r}
 P - 7 scrolls of fog {!r}
Potions
 a - a potion of invisibility {!q, unknown}
 e - 16 potions of curing {!q}
 g - 5 potions of might {!q}
 p - a potion of agility {!q}
 s - 24 potions of mutation {!q}
 A - 2 potions of haste {!q}
 G - 4 potions of berserk rage {!q}
 J - 6 potions of brilliance {!q}
 M - 2 potions of magic {!q}
 S - 2 potions of heal wounds {!q}
Comestibles
 u - 3 rations


   Skills:
 - Level 15.0 Fighting
 - Level 12.0 Staves
 - Level 16.0 Dodging
 - Level 2.0 Stealth
 - Level 4.0 Shields
 * Level 24.1 Spellcasting
 - Level 21.0 Conjurations
 + Level 24.1 Air Magic
 - Level 12.0 Invocations
 - Level 4.0 Evocations


You had 14 spell levels left.
You knew the following spells:

 Your Spells              Type           Power        Failure   Level  Hunger
a - Airstrike             Air            #########.   0%          4    None
b - Passwall              Tmut/Erth      ######....   1%          2    None
c - Swiftness             Chrm/Air       ########     0%          2    None
d - Orb of Destruction    Conj           ########..   1%          7    None
e - Tornado               Air            #########.   2%          9    #####..
f - Apportation           Tloc           ######       1%          1    None
i - Sticks to Snakes      Tmut           ######..     1%          2    None
q - Deflect Missiles      Chrm/Air       ########..   1%          6    None
r - Regeneration          Chrm/Necr      ######....   1%          3    None
s - Summon Lightning Spi  Summ/Air       ########     1%          4    None
v - Blink                 Tloc           N/A          1%          2    None
w - Lightning Bolt        Conj/Air       #########.   0%          5    None
x - Passage of Golubria   Tloc           N/A          3%          4    None
z - Chain Lightning       Conj/Air       #########.   1%          8    ####...


Dungeon Overview and Level Annotations

Branches:
Dungeon (15/15)            Temple (1/1) D:5            Lair (6/6) D:10
  Swamp (0/4) Lair:2       Spider (0/4) Lair:2        Slime (5/5) Lair:6
    Orc (2/2) D:10            Elf (3/3) Orc:2        Vaults (0/5) D:13
 Depths (5/5) D:15           Hell (1/1)                 Dis (1/7) Hell
    Geh (0/7) Hell            Coc (7/7) Hell            Tar (0/7) Hell
    Zot (0/5) Depths:5

Altars:
Ashenzari
Cheibriados
Dithmenos
Elyvilon
Fedhas
Hepliaklqana
Kikubaaqudgha
Makhleb
Nemelex Xobeh
Okawaru
Qazlal
Ru
Sif Muna
Uskayaw
Vehumet
Wu Jian
Xom
Yredelemnul
Zin
The Shining One
Beogh
Jiyva
Lugonu

Shops:
D:4 !   Orc:2 }([=   Elf:1 *}*   Elf:2 }   Elf:3 ?

Portals:
Hell: Depths:1 Depths:2 Depths:3 Depths:4 Depths:5
Abyss: Depths:2 Depths:4 Depths:5
Pandemonium: Depths:1 Depths:3 Depths:4 Depths:5
Ziggurat: Depths:4

Annotations:
D:3 exclusion: downstairs
D:4 Ijyb
Coc:7 Antaeus


Innate Abilities, Weirdness & Mutations

You have a beak for a mouth.
You have claws for feet.
You can fly continuously.
You have sharp fingernails.
You have supernaturally acute eyesight. (SInv)
Armour fits poorly on your strangely shaped body.


Message History

Sif Muna accepts your kill.
You hear a splash.
The lightning arc hits Antaeus.
Antaeus completely resists.
The lightning arc hits the skeletal warrior.
The skeletal warrior is severely damaged.
The lightning arc hits the ice dragon.
The ice dragon is heavily wounded.
The lightning arc hits the skeletal warrior.
You destroy the skeletal warrior!
Sif Muna accepts your kill.
You hear a splash. x2
The lightning arc hits Antaeus.
Antaeus completely resists.
The lightning arc hits you!
The lightning arc hits the Ice Fiend.
The Ice Fiend is lightly wounded.
The lightning arc hits you! You resist.
* * * LOW HITPOINT WARNING * * *
You feel yourself speed up.
You hear a deafening roar!
Something shouts, "Go and return not, thou unctious toenail-biting whip-jack!"
You hear a deafening roar!
The Ice Fiend completely misses you. You block the Ice Fiend's attack.
The Ice Fiend misses you.
The Ice Fiend claws you but does no damage.
Antaeus hits you with a flail!!!
* * * LOW HITPOINT WARNING * * *
Antaeus freezes you!! You resist.
* * * LOW HITPOINT WARNING * * *
Antaeus misses you.
Casting: Chain Lightning (safe; 1% risk of failure)
Confirm with . or Enter, or press ? or * to list all spells.
You feel a strong surge of power!
You hear a mighty clap of thunder!
The lightning arc hits the Ice Fiend.
The Ice Fiend is severely wounded.
The lightning arc hits you! You resist.
* * * LOW HITPOINT WARNING * * *
The lightning arc hits Antaeus.
Antaeus completely resists.
The lightning arc hits Antaeus.
Antaeus completely resists.
The lightning arc hits you! You resist.
* * * LOW HITPOINT WARNING * * *
The lightning arc hits the Ice Fiend.
You kill the Ice Fiend!
Sif Muna accepts your kill. The lightning arc hits you! You resist.
* * * LOW HITPOINT WARNING * * *
The lightning arc hits Antaeus.
Antaeus completely resists.
The lightning arc hits Antaeus.
Antaeus completely resists.
The lightning arc hits you!
The lightning arc hits Antaeus.
Antaeus completely resists.
Unknown command.
Really read
v - 4 scrolls of blinking {!r}?
Blink to where?
Press: ? - help, Dir - move target cursor You are very lightly contaminated with residual magic.
As you read the scroll of blinking {!r}, it crumbles to dust.
Really quaff
S - 2 potions of heal wounds {!q}?
Okay, then.
Really quaff
s - 25 potions of mutation {!q}?
You feel extremely strange.
Your urge to shout disappears.
You feel less resistant to poisons.
Your body twists and deforms.
Your fingernails lengthen.
Antaeus gestures at you. The flash freeze hits you! You partially resist.
You die...

,#..≈≈≈≈≈≈≈#####.,*#..#####≈≈≈≈≈≈
*#...≈≈≈≈≈≈#,,,*+**##'#...#≈≈≈≈≈≈
*#...≈≈≈≈§≈#,,,+,####.'...#≈≈≈≈≈.
*#....≈≈≈≈)##,,*##≈≈###..##≈≈≈≈≈.
,##....≈≈≈≈C#####≈≈≈≈#####≈≈≈≈≈..
,,##.....≈≈D)4≈≈≈≈≈≈)≈≈≈≈≈≈≈≈....
,,,##......≈≈≈≈≈≈≈≈≈≈≈≈≈≈≈≈......
,,,,##..........≈≈≈≈≈≈.)........#
≈,,,,##...⌠.....@.....)....⌠...##
≈≈,,,,##......................##.
,≈≈,,,,########################..
,,≈≈,,,,*******###############...
,,,≈≈,,,,,,,,,,..................
*,,,≈≈,,,,,,,,,.................≈
**,,,≈≈≈≈≈≈≈≈≈≈≈≈≈≈≈≈≈≈≈≈≈≈≈≈≈≈≈≈
,**,,,≈≈≈≈≈≈≈≈≈≈≈≈≈≈≈≈≈≈≈≈≈≈≈≈≈≈.
,,**,,,≈≈≈≈≈≈≈≈≈≈≈≈≈≈≈≈≈≈≈≈≈≈≈≈..


You could see Antaeus, an ice dragon and an ice devil.

Vanquished Creatures
  Dissolution (Slime:3)
  the Royal Jelly (Slime:5)
  Mara (Depths:2)
  Mennas (Depths:3)
  An ancient lich (Depths:4)
  A juggernaut (Depths:5)
  The ghost of Xenophilius the Sniper, a legendary CeGl of the Shining One (Coc:7)
  15 shard shrikes
  Saint Roka (Depths:2)
  Geryon (Hell)
  2 golden dragons
  the Enchantress (Depths:2)
  A mutant beast (WizLab)
  5 bone dragons
  A Brimstone Fiend (Coc:7)
  A Tzitzimitl (Coc:5)
  Jorgrun (Depths:2)
  Rupert (Orc:2)
  12 Ice Fiends
  3 tentacled monstrosities
  Asterion (Elf:2)
  3 deep elf blademasters
  5 liches
  An acid blob (shapeshifter) (Depths:2)
  30 acid blobs
  5 tentacled starspawn
  An eldritch tentacle (Coc:3)
  A sphinx (shapeshifter) (Depths:2)
  3 sphinxes (Depths:1)
  Agnes (D:15)
  2 storm dragons
  2 shadow dragons
  2 tengu reavers
  17 azure jellies
  An azure jelly (shapeshifter) (Depths:2)
  A ghost moth (shapeshifter) (WizLab)
  3 orc warlords
  7 frost giants
  4 fire giants
  4 deep elf sorcerers
  An iron dragon (Hell)
  A ghost moth (Abyss:4)
  2 cacodemons (Hell)
  2 deep elf elementalists (Elf:3)
  2 draconian annihilators (Depths:5)
  A juggernaut zombie (Depths:4)
  A balrug (Depths:4)
  28 very ugly things
  14 reapers
  7 war gargoyles
  4 spriggan defenders
  4 elemental wellsprings
  9 stone giants
  A green draconian (Depths:5)
  9 deep elf demonologists
  2 vampire knights (Depths:3)
  Nessos (D:12)
  A red draconian (Depths:5)
  4 deep elf annihilators (Elf:3)
  A purple draconian (Depths:5)
  A yellow draconian (Depths:5)
  A spark wasp (shapeshifter) (Depths:2)
  2 spark wasps
  6 ettins
  An eidolon (Abyss:2)
  A merfolk javelineer (Abyss:4)
  11 death oozes
  A green death (Hell)
  15 crystal guardians (Depths:2)
  3 kraken zombies
  12 blizzard demons
  9 deep elf death magi (Elf:3)
  Josephine (Lair:4)
  10 fire dragons
  5 deep elf high priests (Elf:3)
  12 great orbs of eyes
  6 yaktaur captains
  2 rakshasas
  14 hydras
  18 ice dragons
  6 spriggan air magi
  2 catoblepae
  A death knight (Abyss:2)
  The ghost of Gorglomux the Fighter, a novice MiCj of Okawaru (D:11)
  A catoblepas (shapeshifter) (Depths:3)
  2 satyrs (Abyss:4)
  A merfolk avatar (Lair:6)
  23 two-headed ogres
  9 centaur warriors
  10 hell hogs (Hell)
  28 dancing weapons
  6 ogre magi
  8 deep troll shamans
  An orc high priest (Orc:2)
  A tengu warrior (Depths:1)
  7 deep troll earth magi
  2 titan zombies
  A thrashing horror (Abyss:4)
  Urug (D:15)
  A vampire mage (Depths:5)
  4 spriggan berserkers
  3 iron golems
  21 hell knights
  A storm dragon zombie (Coc:3)
  6 sun demons
  13 deep elf knights
  A shock serpent (Depths:2)
  2 wretched stars
  59 skeletal warriors
  2 shadow wraiths
  Nergalle (Lair:1)
  10 iron trolls
  7 soul eaters (Hell)
  A storm dragon skeleton (Coc:5)
  The ghost of Karim the Covert, a novice GnAs of Ru (D:10)
  A titan skeleton (Depths:4)
  4 sixfirhies
  A gelid demonspawn (Depths:4)
  The ghost of varam the Grappler, a novice DrTm of Cheibriados (D:7)
  29 deep trolls
  2 unseen horrors
  An infernal demonspawn (Depths:4)
  A spatial maelstrom (Abyss:2)
  9 glowing orange brains
  A swamp dragon (shapeshifter) (D:15)
  2 flayed ghosts
  6 starcursed masses
  2 ghost moth zombies
  6 anaconda zombies
  A deep troll (shapeshifter) (Depths:1)
  2 golden dragon zombies
  A kraken simulacrum (Hell)
  2 golden dragon skeletons
  4 obsidian statues (Depths:2)
  3 wizards
  2 harpies (shapeshifter)
  4 necromancers
  2 wolf spider zombies
  2 phantasmal warriors (Depths:3)
  Pikel (D:6)
  14 deep elf archers
  3 harpies (Depths:1)
  A shadow dragon zombie (Coc:7)
  3 orc knights
  2 orc sorcerers (Orc:2)
  41 deep elf magi
  An anaconda skeleton (Coc:2)
  3 stone giant zombies
  4 shadow dragon skeletons
  7 shining eyes
  3 cyclopes
  8 manticores
  A fire giant zombie (Coc:5)
  A manticore (shapeshifter) (Depths:2)
  2 salamanders (shapeshifter) (WizLab)
  2 frost giant zombies
  2 oklob plants (Lair:1)
  An orb spider (shapeshifter) (WizLab)
  A moth of wrath (shapeshifter) (Depths:2)
  A worldbinder (Abyss:4)
  2 elephants (Lair:6)
  2 centaur zombies
  34 ugly things
  6 smoke demons
  2 black mambas
  A frost giant skeleton (Coc:3)
  A black mamba (shapeshifter) (WizLab)
  A stone giant skeleton (Coc:2)
  An iron dragon skeleton (Coc:5)
  6 molten gargoyles
  3 rust devils (Hell)
  A fire giant skeleton (Coc:7)
  9 spiny frogs
  A dire elephant zombie (Hell)
  An eye of devastation (Slime:1)
  3 orange demons
  An apocalypse crab (Abyss:4)
  A gargoyle (D:15)
  5 spectral swamp worms (Depths:1)
  An ice statue (Elf:3)
  2 torpor snails
  A dire elephant skeleton (Coc:5)
  A kobold demonologist (D:13)
  2 storm dragon simulacra (Coc:7)
  2 spiny frogs (shapeshifter)
  A hellion (Depths:1)
  A komodo dragon (shapeshifter) (WizLab)
  16 yaktaurs
  A yaktaur (shapeshifter) (WizLab)
  A demonic crawler (Hell)
  3 tengu conjurers
  6 tormentors
  4 anaconda simulacra
  19 ice devils
  5 rime drakes
  4 ancient zymes
  17 freezing wraiths
  A hellwing (Abyss:2)
  The ghost of M4edhros the Insei, a novice OpNe (D:5)
  10 komodo dragons
  3 red devils
  3 harpy skeletons
  11 hydra zombies
  4 polar bears
  2 meliai (shapeshifter)
  3 meliai (D:14)
  2 trolls (shapeshifter)
  14 trolls
  2 queen bees (shapeshifter) (Depths:2)
  5 wind drakes
  A hornet (shapeshifter) (WizLab)
  A polar bear (shapeshifter) (WizLab)
  5 hydra skeletons
  79 slime creatures
  12 blink frogs
  A hippogriff (shapeshifter) (Depths:3)
  A wind drake (shapeshifter) (Depths:2)
  2 hornets
  A blink frog (shapeshifter) (D:15)
  9 raiju
  7 dream sheep (Lair:4)
  17 large abominations
  7 alligator zombies
  2 ettin zombies
  A raiju (shapeshifter) (Depths:4)
  An ice dragon zombie (Coc:5)
  8 hippogriffs
  3 alligator skeletons
  4 fire dragon skeletons
  6 ice dragon skeletons
  A spriggan (shapeshifter) (Elf:2)
  Sigmund (D:2)
  11 air elementals
  51 flying skulls
  2 shadows
  3 redbacks (Lair:2)
  A tarantella (shapeshifter) (Depths:3)
  3 ettin skeletons
  A centaur simulacrum (D:15)
  A ynoxinul (Abyss:2)
  A human (shapeshifter) (WizLab)
  3 spriggans (Depths:2)
  8 wraiths
  11 golden eyes
  27 yaks
  4 hungry ghosts
  19 water elementals
  A yak (shapeshifter) (WizLab)
  2 basilisks (Lair:2)
  2 hogs (shapeshifter) (WizLab)
  A hog (D:10)
  A wyvern (Lair:2)
  16 fire elementals
  3 humans
  3 golden eyes (shapeshifter) (WizLab)
  5 chaos spawn
  2 basilisks (shapeshifter)
  A steam dragon (D:7)
  A swamp worm (shapeshifter) (Depths:2)
  A soldier ant (shapeshifter) (WizLab)
  6 wargs
  5 insubstantial wisps (Depths:2)
  6 spiny frog zombies
  An acid dragon (D:15)
  17 water moccasins
  5 hydra simulacra
  5 floating eyes
  3 swamp worms (Lair:2)
  8 hell hounds
  5 porcupines
  54 orc warriors
  2 black bears
  7 eyes of draining
  15 ice beasts
  7 sky beasts
  A snapping turtle zombie (Hell)
  A swamp dragon zombie (Hell)
  A manticore zombie (Coc:2)
  2 black bears (shapeshifter)
  An eye of draining (shapeshifter) (WizLab)
  A phantom (D:13)
  A black mamba simulacrum (Coc:7)
  18 centaurs
  23 ogres
  9 necrophages
  18 wolves
  4 boggarts
  11 crocodiles
  The ghost of Amnesiac the Digger, an amateur FoEE (D:4)
  2 big kobolds (D:13)
  21 bullfrogs
  A wyvern zombie (D:13)
  5 earth elementals
  2 wyvern skeletons
  5 scorpions
  16 small abominations
  A killer bee (shapeshifter) (Depths:4)
  A spriggan skeleton (Coc:7)
  A spriggan zombie (Coc:5)
  A killer bee (D:10)
  A troll skeleton (Coc:3)
  4 howler monkeys (D:8)
  18 wights
  10 electric eels
  9 crimson imps
  3 iron imps (Hell)
  5 jellies
  27 orc wizards
  23 orc priests
  2 bullfrog skeletons
  2 gnoll shamans
  13 hounds
  Crazy Yiuf (D:3)
  Jessica (D:2)
  8 centaur skeletons
  5 iguanas
  Natasha (D:2)
  A human skeleton (Coc:7)
  10 worker ants
  2 hound zombies
  A hound skeleton (D:5)
  4 worker ant zombies
  A mummy (Coc:7)
  14 gnolls
  A howler monkey zombie (D:7)
  18 adders
  6 shadow imps
  13 white imps
  2 ufetubi
  An adder zombie (D:9)
  4 worms
  10 ball lightnings (Depths:2)
  A dart slug (shapeshifter) (Depths:2)
  2 dart slugs
  6 leopard geckos
  111 orcs
  5 bats
  5 giant cockroaches
  7 goblins
  6 hobgoblins
  14 jackals
  3 quokkas
  2 ball pythons
  4 frilled lizards
  9 kobolds
  2 leopard gecko skeletons
  A quokka skeleton (D:4)
  8 rats
  A bush (Lair:4)
  2 crawling corpses (Elf:3)
  11 fungi
  A lurking horror (Abyss:4)
  23 plants
  A starspawn tentacle (Abyss:4)
  10 tentacles
2141 creatures vanquished.

Vanquished Creatures (collateral kills)
  An ugly thing (D:12)
  A hog (D:10)
2 creatures vanquished.

Vanquished Creatures (others)
  A reaper (Coc:5)
  An ice dragon (Coc:7)
  A stone giant skeleton (Coc:5)
  A manticore zombie (Coc:7)
  A hound (D:5)
  A ball lightning (Depths:2)
  100 plants
  12 starspawn tentacles
  14 tentacles
132 creatures vanquished.

Grand Total: 2275 creatures vanquished

Notes
Turn   | Place    | Note
-------+----------+-------------------------------------------
     0 | D:1      | Amnesiac the Tengu Air Elementalist began the quest for the Orb.
     0 | D:1      | Reached XP level 1. HP: 10/10 MP: 4/4
    49 | D:1      | Reached skill level 1 in Fighting
   207 | D:1      | Reached XP level 2. HP: 11/16 MP: 6/6
   731 | D:2      | Reached XP level 3. HP: 21/21 MP: 5/7
   736 | D:2      | Learned a level 3 spell: Static Discharge
   807 | D:2      | Noticed Jessica
   812 | D:2      | Killed Jessica
   922 | D:2      | Reached XP level 4. HP: 11/27 MP: 0/8
  1126 | D:2      | Noticed Sigmund
  1155 | D:2      | Killed Sigmund
  1155 | D:2      | Gained mutation: You can fly. [Tengu growth]
  1155 | D:2      | Reached XP level 5. HP: 27/33 MP: 0/9
  1155 | D:2      | Reached XP level 6. HP: 31/38 MP: 0/10
  1317 | D:2      | Noticed Natasha
  1321 | D:2      | Killed Natasha
  1819 | D:3      | Found a runed door.
  1890 | D:3      | Reached skill level 1 in Shields
  2037 | D:3      | Noticed Crazy Yiuf
  2041 | D:3      | Killed Crazy Yiuf
  2073 | D:4      | Noticed Ijyb
  2351 | D:4      | Noticed Amnesiac's ghost (amateur FoEE)
  2359 | D:4      | Killed Amnesiac's ghost
  2359 | D:4      | Reached XP level 7. HP: 38/43 MP: 1/11
  2657 | D:4      | Found Wailout's Distillery.
  2676 | D:4      | Bought a potion of heal wounds for 60 gold pieces
  2676 | D:4      | Bought a potion of curing for 36 gold pieces
  2676 | D:4      | Bought a potion of might for 48 gold pieces
  3627 | D:4      | Reached skill level 5 in Dodging
  4002 | D:5      | Entered Level 5 of the Dungeon
  4035 | D:5      | Found a staircase to the Ecumenical Temple.
  4041 | Temple   | Entered the Ecumenical Temple
  4072 | Temple   | Became a worshipper of Sif Muna the Loreminder
  4099 | D:5      | Reached XP level 8. HP: 30/48 MP: 4/13
  4246 | D:5      | Learned a level 4 spell: Airstrike
  4252 | D:5      | Learned a level 5 spell: Lightning Bolt
  4505 | D:5      | Noticed M4edhros's ghost (novice OpNe)
  4568 | D:5      | Killed M4edhros's ghost
  4644 | D:5      | Reached skill level 5 in Spellcasting
  5022 | D:5      | Learned a level 2 spell: Swiftness
  5025 | D:5      | Learned a level 2 spell: Sticks to Snakes
  5303 | D:6      | Reached * piety under Sif Muna
  5321 | D:5      | Reached skill level 5 in Conjurations
  5321 | D:5      | Reached skill level 5 in Air Magic
  5690 | D:7      | Reached XP level 9. HP: 45/52 MP: 0/18
  5761 | D:7      | Reached ** piety under Sif Muna
  6171 | D:6      | Noticed Pikel
  6437 | D:6      | Reached *** piety under Sif Muna
  6549 | D:6      | Killed Pikel
  6549 | D:6      | Reached XP level 10. HP: 42/58 MP: 0/22
  6791 | D:6      | Found a deep blue altar of Sif Muna.
  7160 | D:7      | Noticed varam's ghost (novice DrTm)
  7169 | D:7      | Killed varam's ghost
  7441 | D:8      | Reached **** piety under Sif Muna
  8053 | D:8      | Noticed a two-headed ogre
  8138 | D:7      | Killed a two-headed ogre
  8216 | D:8      | Reached ***** piety under Sif Muna
  8273 | D:8      | Found an iron altar of Okawaru.
  8497 | D:9      | Received a gift from Sif Muna
  8522 | D:9      | Learned a level 4 spell: Summon Lightning Spire
  8526 | D:9      | Learned a level 3 spell: Mephitic Cloud
  8529 | D:9      | Learned a level 2 spell: Blink
  8803 | D:7      | Reached XP level 11. HP: 62/62 MP: 0/25
  9065 | D:9      | Got fine acid dragon scales
  9174 | D:9      | Reached skill level 10 in Conjurations
  9204 | D:9      | Reached skill level 10 in Spellcasting
  9204 | D:9      | Reached skill level 10 in Air Magic
  9486 | D:9      | Noticed a seven-headed hydra
  9494 | D:9      | Killed a seven-headed hydra
  9498 | D:9      | Noticed a two-headed ogre
  9503 | D:9      | Noticed a two-headed ogre
  9954 | D:9      | Killed a two-headed ogre
  9954 | D:9      | Reached skill level 5 in Fighting
 10194 | D:9      | Killed a two-headed ogre
 10201 | D:9      | Killed an unseen horror
 10430 | D:9      | Got a spiked ring mail
 10593 | D:10     | Entered Level 10 of the Dungeon
 10738 | D:10     | Noticed Karim's ghost (novice GnAs)
 10745 | D:10     | Killed Karim's ghost
 11026 | D:10     | Identified Sif Muna's Handbook of Cankerous Air (Sif Muna gifted it to you on level 10 of the Dungeon)
 11026 | D:10     | Received a gift from Sif Muna
 11322 | D:10     | Reached skill level 1 in Invocations
 11339 | D:10     | Found a staircase to the Lair.
 11423 | D:10     | Reached XP level 12. HP: 68/68 MP: 5/28
 11716 | D:10     | Noticed a two-headed ogre
 11719 | D:10     | Killed a two-headed ogre
 11738 | D:10     | Found a staircase to the Orcish Mines.
 12092 | D:10     | Noticed a two-headed ogre
 12105 | D:10     | Killed a two-headed ogre
 12105 | D:10     | Reached skill level 5 in Invocations
 12134 | D:10     | Noticed a two-headed ogre
 12214 | D:9      | Killed a two-headed ogre
 13209 | D:10     | Identified the +7 acid dragon scales of the Gardener {rC- rCorr Dex+4 Stlth+} (You took it off a gnoll shaman on level 9 of the Dungeon)
 13219 | D:10     | Identified the +1 ring mail of Xom's Scorn {Regen+} (You found it on level 9 of the Dungeon)
 13376 | D:11     | Noticed Gorglomux's ghost (novice MiCj)
 13464 | D:11     | Killed Gorglomux's ghost
 13471 | D:11     | Noticed a centaur warrior
 13630 | D:11     | Killed a centaur warrior
 13958 | D:11     | Identified a scroll of acquirement {!r}
 14427 | D:12     | Noticed Nessos
 14445 | D:12     | Killed Nessos
 14789 | D:12     | Reached XP level 13. HP: 72/72 MP: 25/29
 15403 | D:13     | Identified Sif Muna's Tome of Arcane Weapons (Sif Muna gifted it to you on level 13 of the Dungeon)
 15403 | D:13     | Received a gift from Sif Muna
 15622 | D:13     | Learned a level 7 spell: Orb of Destruction
 16937 | D:13     | Found a gate to the Vaults.
 17038 | D:14     | Found the +3 hat of Pondering {ponderous, MR+ MP+10 Int+5}
 17516 | D:14     | Got a distressingly furry leather armour
 17768 | D:14     | Identified the +1 leather armour of the Abyss {rElec MR+ MP-9 Str+7} (You took it off a meliai on level 14 of the Dungeon)
 18020 | D:15     | Entered Level 15 of the Dungeon
 18227 | D:15     | Noticed Agnes
 18231 | D:15     | Killed Agnes
 18465 | D:15     | Gained mutation: You can fly continuously. [Tengu growth]
 18465 | D:15     | Reached XP level 14. HP: 80/80 MP: 31/31
 18693 | D:15     | Identified Sif Muna's Guide on Orientation and Flight (Sif Muna gifted it to you on level 15 of the Dungeon)
 18693 | D:15     | Received a gift from Sif Muna
 19422 | D:15     | Found a staircase to the Depths.
 19674 | D:15     | Noticed Urug
 19678 | D:15     | Killed Urug
 19982 | Orc:1    | Entered Level 1 of the Orcish Mines
 20002 | Orc:1    | Found a roughly hewn altar of Beogh.
 20385 | Orc:1    | Identified Hohea's Compendium of Ashen Weightlessness (Sif Muna gifted it to you on level 1 of the Orcish Mines)
 20385 | Orc:1    | Received a gift from Sif Muna
 20400 | Orc:1    | Learned a level 6 spell: Deflect Missiles
 20628 | Orc:2    | Entered Level 2 of the Orcish Mines
 20639 | Orc:2    | Noticed Rupert
 20874 | Orc:2    | Killed Rupert
 20985 | Orc:2    | Noticed an orc warlord
 20990 | Orc:2    | Killed an orc warlord
 21080 | Orc:2    | Noticed an orc warlord
 21313 | Orc:1    | Killed an orc warlord
 21545 | Orc:2    | Found a staircase to the Elven Halls.
 21576 | Orc:2    | Found a roughly hewn altar of Beogh.
 21613 | Orc:2    | Found a roughly hewn altar of Beogh.
 21619 | Orc:2    | Reached XP level 15. HP: 74/86 MP: 24/34
 21931 | Orc:2    | Found a roughly hewn altar of Beogh.
 21938 | Orc:2    | Found Sahochi's Jewellery Boutique.
 22224 | Orc:2    | Found a roughly hewn altar of Beogh.
 22249 | Orc:2    | Found a roughly hewn altar of Beogh.
 22285 | Orc:2    | Found a roughly hewn altar of Beogh.
 22327 | Orc:2    | Found a roughly hewn altar of Beogh.
 22960 | Orc:2    | Found Qieraogg's Antique Armour Shop.
 22961 | Orc:2    | Found a roughly hewn altar of Beogh.
 22961 | Orc:2    | Noticed an orc warlord
 22968 | Orc:2    | Killed an orc warlord
 22976 | Orc:2    | Found Zihe's Antique Weapon Boutique.
 23058 | Orc:2    | Identified Sif Muna's Disquisition on Battle Magic and the Birds (Sif Muna gifted it to you on level 2 of the Orcish Mines)
 23058 | Orc:2    | Received a gift from Sif Muna
 23076 | Orc:2    | Found a roughly hewn altar of Beogh.
 23081 | Orc:2    | Found Wasej's Gadget Shoppe.
 23249 | Orc:2    | Bought a runed buckler for 202 gold pieces
 23249 | Orc:2    | Bought a runed robe for 99 gold pieces
 23334 | Elf:1    | Entered Level 1 of the Elven Halls
 23567 | Elf:1    | Reached ****** piety under Sif Muna
 23665 | Elf:1    | Noticed a deep elf sorcerer
 23669 | Elf:1    | Killed a deep elf sorcerer
 23922 | Elf:1    | Found Ifepeis's Assorted Antiques.
 23924 | Elf:1    | Found Vahypij's Gadget Boutique.
 23926 | Elf:1    | Found Ticlor's General Store.
 23935 | Elf:1    | Bought a glowing hat for 224 gold pieces
 23962 | Elf:1    | Bought a scroll of identify for 22 gold pieces
 23967 | Elf:1    | Bought a scroll of identify for 64 gold pieces
 24313 | Elf:1    | Noticed a deep elf sorcerer
 24329 | Elf:1    | Killed a deep elf sorcerer
 24646 | Elf:1    | Reached skill level 15 in Conjurations
 24685 | Elf:1    | Found Ziyk's Food Boutique.
 24787 | Elf:2    | Reached skill level 15 in Spellcasting
 24817 | Elf:2    | Noticed Asterion
 24829 | Elf:2    | Reached skill level 15 in Air Magic
 24909 | Elf:2    | Killed Asterion
 24945 | Elf:2    | Found a huge runed gate.
 24947 | Elf:2    | Found a huge runed gate.
 24947 | Elf:2    | Found a huge runed gate.
 24948 | Elf:2    | Found a huge runed gate.
 24948 | Elf:2    | Found a huge runed gate.
 25123 | Elf:2    | Found Owoev's Gadget Emporium.
 25181 | Elf:2    | Reached XP level 16. HP: 93/93 MP: 1/36
 25588 | Elf:2    | Received a gift from Sif Muna
 25710 | Elf:2    | Noticed a deep elf blademaster
 25723 | Elf:2    | Killed a deep elf blademaster
 26521 | Elf:3    | Entered Level 3 of the Elven Halls
 26546 | Elf:3    | Found a magical portal.
 26555 | WizLab   | Entered Cigotuvi's Fleshworks
 26763 | WizLab   | Paralysed by a floating eye for 4 turns
 26810 | WizLab   | Got a scorched platinum ring
 26872 | WizLab   | Identified Sif Muna's Tome of Attacks (Sif Muna gifted it to you in a wizard's laboratory)
 26872 | WizLab   | Received a gift from Sif Muna
 26913 | WizLab   | Identified the Disquisition on Transformation
 26924 | WizLab   | Identified Cigotuvi's Disquisition on Changing and Sinister Arts
 26929 | WizLab   | Learned a level 2 spell: Passwall
 27084 | WizLab   | Noticed Cigotuvi's Monster
 27126 | WizLab   | Killed Cigotuvi's Monster
 27442 | Elf:3    | Found Durreumn's Magic Scroll Boutique.
 27443 | Elf:3    | Reached XP level 17. HP: 97/97 MP: 38/38
 27450 | Elf:3    | Bought 2 scrolls of teleportation for 114 gold pieces
 28027 | Elf:3    | Reached skill level 10 in Invocations
 28042 | Elf:3    | Noticed a deep elf blademaster
 28045 | Elf:3    | Killed a deep elf blademaster
 28266 | Elf:3    | Identified Sif Muna's Collected Works on Battle Magic (Sif Muna gifted it to you on level 3 of the Elven Halls)
 28266 | Elf:3    | Received a gift from Sif Muna
 28718 | Elf:3    | Noticed a deep elf blademaster
 28722 | Elf:3    | Killed a deep elf blademaster
 28761 | Elf:3    | Got a polished quarterstaff {crush}
 28810 | Elf:3    | Got a brightly glowing ring mail
 28812 | Elf:3    | Got a bound ruby amulet
 29030 | Elf:3    | Identified the amulet "Enosm" {Spirit rPois} (You took it off a deep elf death mage on level 3 of the Elven Halls)
 29034 | Elf:3    | Identified the ring "Ankukhoyts" {Wiz rF- Str+2 Slay+2} (You found it in a wizard's laboratory)
 29049 | Elf:3    | Got an uncursed shimmering short sword {antimagic}
 29049 | Elf:3    | Got an uncursed dazzling short sword {protect}
 29202 | Elf:3    | Identified the +3 ring mail of Raetodua {*Contam rCorr Dex+4} (You took it off a deep elf blademaster on level 3 of the Elven Halls)
 29481 | Elf:3    | Got a faintly humming ring mail
 29484 | Elf:3    | Got a scorched spear {protect}
 29546 | Elf:3    | Identified the Catalogue of Boosting Earth
 29586 | Elf:3    | Found the +3 crown of Dyrovepreva {rElec Int+2 SInv}
 29599 | Elf:3    | Identified the +2 ring mail "Papseoso" {Int+4} (You took it off a deep elf high priest on level 3 of the Elven Halls)
 29625 | Elf:3    | Got a faintly humming chain mail
 29639 | Elf:3    | Identified the cursed +1 chain mail of Music {*Corrode rN++ Str+2 SInv} (You found it on level 3 of the Elven Halls)
 30086 | Depths:1 | Entered Level 1 of the Depths
 30096 | Depths:1 | Learned a level 8 spell: Chain Lightning
 30403 | Depths:1 | Noticed a lich
 30411 | Depths:1 | Killed a lich
 30411 | Depths:1 | Reached XP level 18. HP: 48/103 MP: 2/40
 30627 | Depths:1 | Identified Sif Muna's Almanac of the Sinister Birds (Sif Muna gifted it to you on level 1 of the Depths)
 30627 | Depths:1 | Received a gift from Sif Muna
 30824 | Depths:1 | Found a one-way gate leading to the halls of Pandemonium.
 32374 | Depths:1 | Received a gift from Sif Muna
 32387 | Depths:1 | Learned a level 4 spell: Passage of Golubria
 32909 | Depths:1 | Found a gateway to Hell.
 33124 | Depths:1 | Identified the Tome of Combat Magic
 33184 | Depths:1 | Reached XP level 19. HP: 106/107 MP: 3/42
 33390 | Hell     | Entered the Vestibule of Hell
 33390 | Hell     | Noticed Geryon
 33707 | Depths:1 | Learned a level 9 spell: Tornado
 34047 | Depths:2 | Got an ancient morningstar {drain}
 34333 | Depths:2 | Noticed Mara
 34349 | Depths:2 | Noticed Amnesiac's illusion
 34448 | Depths:2 | Killed Mara
 34448 | Depths:2 | Identified Sif Muna's Papyrus of Dislocation and Flames (Sif Muna gifted it to you on level 2 of the Depths)
 34448 | Depths:2 | Received a gift from Sif Muna
 34775 | Depths:2 | Got a smoking morningstar
 34879 | Depths:2 | Noticed the Enchantress
 35081 | Depths:2 | Killed the Enchantress
 35099 | Depths:2 | Got faerie dragon scales
 35131 | Depths:2 | Identified the +5 faerie dragon scales {rCorr Str+3} (You took it off the Enchantress on level 2 of the Depths)
 35147 | Depths:2 | Gained mutation: Your mind is acute. (Int +2) [potion of mutation]
 35147 | Depths:2 | Gained mutation: You have supernaturally acute eyesight. (SInv) [potion of mutation]
 35579 | Depths:2 | Noticed Jorgrun
 35619 | Depths:2 | Killed Jorgrun
 36157 | Depths:2 | Identified Sif Muna's Papyrus of Supportive Blows and Bruises (Sif Muna gifted it to you on level 2 of the Depths)
 36157 | Depths:2 | Received a gift from Sif Muna
 36630 | Depths:2 | Got an ancient morningstar
 37004 | Elf:1    | Bought a ration for 65 gold pieces
 37004 | Elf:1    | Bought a ration for 65 gold pieces
 37004 | Elf:1    | Bought a ration for 65 gold pieces
 37004 | Elf:1    | Bought a ration for 65 gold pieces
 37004 | Elf:1    | Bought a ration for 65 gold pieces
 37004 | Elf:1    | Bought a ration for 65 gold pieces
 37004 | Elf:1    | Bought a ration for 65 gold pieces
 37004 | Elf:1    | Bought a ration for 65 gold pieces
 37004 | Elf:1    | Bought a ration for 65 gold pieces
 37004 | Elf:1    | Bought a ration for 65 gold pieces
 37004 | Elf:1    | Bought a ration for 65 gold pieces
 37004 | Elf:1    | Bought a ration for 65 gold pieces
 37004 | Elf:1    | Bought a ration for 65 gold pieces
 37263 | Depths:2 | Reached XP level 20. HP: 112/112 MP: 41/44
 37457 | Depths:2 | Noticed Saint Roka
 37466 | Depths:2 | Killed Saint Roka
 38013 | Depths:2 | Got a pitted rapier
 38079 | Depths:2 | Found a one-way gate to the infinite horrors of the Abyss.
 38086 | Depths:2 | Got a twitching lapis lazuli ring
 38101 | Depths:2 | Got a smoking ivory ring
 38152 | Depths:2 | Found the +9 scales of the Dragon King {rPois rF+ rC+ MR+}
 38186 | Hell     | Identified Sif Muna's Handbook of Damaging Contamination (Sif Muna gifted it to you in the Vestibule of Hell)
 38186 | Hell     | Received a gift from Sif Muna
 38538 | Depths:1 | Identified the ring of Jeval {Fire rN+ Dex+4} (You found it on level 2 of the Depths)
 38541 | Depths:1 | Identified the ring "Osoul" {Ice rPois MP+9 Stlth-} (You took it off an orc warrior on level 2 of the Depths)
 38839 | Depths:3 | Found a shattered altar of Ashenzari.
 38919 | Depths:3 | Noticed Mennas
 38939 | Depths:3 | Killed Mennas
 39011 | Depths:3 | Learned a level 3 spell: Regeneration
 39183 | Depths:3 | Got a brightly glowing ring mail
 39331 | Depths:2 | Identified the cursed +0 ring mail of Intercession {rPois rC+++ MP-9 Stlth-} (You found it on level 3 of the Depths)
 39731 | Depths:3 | Got a transparent short sword
 40021 | Depths:3 | Noticed a golden dragon
 40339 | Depths:3 | Killed a golden dragon
 40339 | Depths:3 | Identified Sif Muna's Incunabulum of Congealing Confrontation (Sif Muna gifted it to you on level 3 of the Depths)
 40339 | Depths:3 | Received a gift from Sif Muna
 40339 | Depths:3 | Reached XP level 21. HP: 117/117 MP: 42/46
 41429 | Depths:4 | Identified Sif Muna's Disquisition on Dislocation and Combat Magic
 41451 | Depths:4 | Found a gateway to a ziggurat.
 41451 | Depths:4 | Noticed an ancient lich
 41456 | Depths:4 | Killed an ancient lich
 41530 | Depths:4 | Reached skill level 10 in Dodging
 42288 | Depths:4 | Reached skill level 10 in Fighting
 42832 | Hell     | Reached XP level 22. HP: 123/128 MP: 11/48
 43003 | Depths:5 | Entered Level 5 of the Depths
 43114 | Depths:5 | Found a corrupted altar of Lugonu.
 43318 | Depths:5 | Received a gift from Sif Muna
 43329 | Depths:5 | Learned a level 1 spell: Apportation
 43353 | Depths:5 | Noticed a juggernaut
 43358 | Depths:5 | Killed a juggernaut
 44458 | Depths:5 | Noticed a golden dragon
 44461 | Depths:5 | Killed a golden dragon
 44575 | Depths:5 | Found a gate to the Realm of Zot.
 45070 | Hell     | Killed Geryon
 45342 | Hell     | Reached XP level 23. HP: 96/138 MP: 7/49
 45661 | Hell     | Found a gateway to the decaying netherworld of Tartarus.
 45880 | Hell     | Found a gateway to the ashen valley of Gehenna.
 45939 | Hell     | Found a gateway to the Iron City of Dis.
 46011 | Hell     | Found a gateway to the freezing wastes of Cocytus.
 46302 | Coc:1    | Entered Level 1 of Cocytus
 46528 | Coc:1    | Noticed a shard shrike
 46529 | Coc:1    | Noticed a shard shrike
 46530 | Coc:1    | Noticed a shard shrike
 46531 | Coc:1    | Killed a shard shrike
 46532 | Coc:1    | Killed a shard shrike
 46532 | Coc:1    | Killed a shard shrike
 47131 | Coc:3    | Noticed a shard shrike
 47131 | Coc:3    | Noticed a shard shrike
 47131 | Coc:3    | Noticed a shard shrike
 47132 | Coc:3    | Killed a shard shrike
 47132 | Coc:3    | Identified Sif Muna's Disquisition on Conjuration and Companions (Sif Muna gifted it to you on level 3 of Cocytus)
 47132 | Coc:3    | Received a gift from Sif Muna
 47133 | Coc:3    | Killed a shard shrike
 47133 | Coc:3    | Killed a shard shrike
 47169 | Coc:3    | Noticed a shard shrike
 47174 | Coc:3    | Killed a shard shrike
 47351 | Coc:4    | Reached skill level 15 in Dodging
 47359 | Coc:4    | Reached skill level 1 in Evocations
 47381 | Coc:5    | Reached XP level 24. HP: 81/143 MP: 11/50
 47384 | Coc:5    | Reached skill level 1 in Staves
 47479 | Coc:6    | Noticed a shard shrike
 47482 | Coc:6    | Killed a shard shrike
 47506 | Coc:7    | Entered Level 7 of Cocytus
 48025 | Elf:1    | Bought a ration for 55 gold pieces
 48099 | Lair:1   | Entered Level 1 of the Lair of Beasts
 48284 | Lair:1   | Noticed Nergalle
 48290 | Lair:1   | Killed Nergalle
 48489 | Lair:1   | Got a dazzling fustibalus
 48886 | Lair:1   | Reached skill level 5 in Staves
 48979 | Lair:2   | Found a hole to the Spider Nest.
 49464 | Lair:2   | Found a staircase to the Swamp.
 50888 | Lair:4   | Noticed Josephine
 50891 | Lair:4   | Killed Josephine
 52099 | Lair:6   | Entered Level 6 of the Lair of Beasts
 52152 | Lair:6   | Found a staircase to the Slime Pits.
 52152 | Lair:6   | Found a viscous altar of Jiyva.
 52426 | Lair:6   | Found a snail-covered altar of Cheibriados.
 52576 | Lair:6   | Identified the cursed +0 fustibalus of the Fool {freeze, SInv} (You found it on level 1 of the Lair of Beasts)
 52983 | Slime:1  | Entered Level 1 of the Pits of Slime
 52993 | Slime:1  | Reached skill level 10 in Staves
 53291 | Slime:2  | Identified Sif Muna's Handbook of Feathery Calling (Sif Muna gifted it to you on level 2 of the Pits of Slime)
 53291 | Slime:2  | Received a gift from Sif Muna
 53583 | Slime:3  | Noticed Dissolution
 53584 | Slime:3  | Killed Dissolution
 53596 | Slime:2  | Reached XP level 25. HP: 127/151 MP: 14/50
 54605 | Slime:5  | Entered Level 5 of the Pits of Slime
 55201 | Slime:3  | Gained mutation: You are frail. (-10% HP) [a shining eye]
 55206 | Slime:3  | Lost mutation: You are frail. (-10% HP) [potion of mutation]
 55206 | Slime:3  | Lost mutation: Your mind is acute. (Int +2) [potion of mutation]
 55206 | Slime:3  | Lost mutation: You have supernaturally acute eyesight. (SInv) [potion of mutation]
 55206 | Slime:3  | Gained mutation: You are resistant to hostile enchantments. (MR+) [potion of mutation]
 55206 | Slime:3  | Gained mutation: Your flesh is cold resistant. (rC+) [potion of mutation]
 55206 | Slime:3  | Gained mutation: You can translocate small distances at will. [potion of mutation]
 55639 | Slime:5  | Gained mutation: Your magical capacity is low. (-10% MP) [a shining eye]
 55642 | Slime:5  | Received a gift from Sif Muna
 55868 | Slime:5  | Found a viscous altar of Jiyva.
 56184 | Slime:5  | Noticed the Royal Jelly
 56192 | Slime:5  | Killed the Royal Jelly
 56341 | Slime:5  | Got a slimy rune of Zot
 56373 | Slime:5  | Got a slimy robe
 56384 | Slime:5  | Identified the cursed +0 robe "Nenel" {rElec Str+2 Int+4} (You found it on level 5 of the Pits of Slime)
 56405 | Slime:5  | Got a brightly glowing arbalest
 57193 | Depths:2 | Voluntarily entered the Abyss.
 57194 | Abyss:1  | Found a corrupted altar of Lugonu.
 57202 | Abyss:2  | Found a corrupted altar of Lugonu.
 57269 | Abyss:2  | Found a corrupted altar of Lugonu.
 57326 | Abyss:2  | Found a transporter.
 57346 | Abyss:2  | Found a transporter.
 57347 | Abyss:2  | Reached skill level 15 in Fighting
 57403 | Abyss:2  | Got a translucent scale mail
 57449 | Abyss:2  | Found a corrupted altar of Lugonu.
 57673 | Abyss:2  | Identified Sif Muna's Tome of Hurtful Dark Magic (Sif Muna gifted it to you on level 2 of the Abyss)
 57673 | Abyss:2  | Received a gift from Sif Muna
 57759 | Abyss:4  | Paralysed by you for 4 turns
 57801 | Abyss:4  | Got an abyssal rune of Zot
 57821 | Abyss:4  | Reached XP level 26. HP: 79/159 MP: 38/46
 57826 | Abyss:5  | Entered Level 5 of the Abyss
 57859 | Depths:2 | Escaped the Abyss
 57935 | Dis:1    | Entered Level 1 of the Iron City of Dis
 57978 | Coc:1    | Noticed a shard shrike
 57980 | Coc:1    | Killed a shard shrike
 58135 | Coc:6    | Gained mutation: You are occasionally teleported next to monsters. [the power of Zot]
 58137 | Coc:6    | Noticed a shard shrike
 58248 | Coc:7    | Noticed a shard shrike
 58251 | Coc:7    | Noticed a shard shrike
 58251 | Coc:7    | Noticed a shard shrike
 58252 | Coc:7    | Noticed a shard shrike
 58256 | Coc:7    | Killed a shard shrike
 58256 | Coc:7    | Killed a shard shrike
 58256 | Coc:7    | Received a gift from Sif Muna
 58256 | Coc:7    | Killed a shard shrike
 58257 | Coc:7    | Killed a shard shrike
 58411 | Coc:7    | Noticed Antaeus
 58415 | Coc:7    | Lost mutation: You are occasionally teleported next to monsters. [potion of mutation]
 58415 | Coc:7    | Lost mutation: You can translocate small distances at will. [potion of mutation]
 58415 | Coc:7    | Lost mutation: Your flesh is cold resistant. (rC+) [potion of mutation]
 58415 | Coc:7    | Gained mutation: You occasionally shout uncontrollably at your foes. [potion of mutation]
 58415 | Coc:7    | Gained mutation: You are clumsy. (Dex -2) [potion of mutation]
 58415 | Coc:7    | Gained mutation: You are somewhat resistant to further mutation. [potion of mutation]
 58416 | Coc:7    | Lost mutation: You are somewhat resistant to further mutation. [potion of mutation]
 58416 | Coc:7    | Lost mutation: Your magical capacity is low. (-10% MP) [potion of mutation]
 58416 | Coc:7    | Lost mutation: You are resistant to hostile enchantments. (MR+) [potion of mutation]
 58416 | Coc:7    | Lost mutation: You are clumsy. (Dex -2) [potion of mutation]
 58416 | Coc:7    | Gained mutation: Your system is resistant to poisons. (rPois) [potion of mutation]
 58416 | Coc:7    | Gained mutation: You have supernaturally acute eyesight. (SInv) [potion of mutation]
 58430 | Coc:7    | Noticed Xenophilius's ghost (legendary CeGl)
 58439 | Coc:7    | Killed Xenophilius's ghost
 58467 | Coc:7    | Noticed a shard shrike
 58468 | Coc:7    | Killed a shard shrike
 58502 | Coc:7    | Noticed a shard shrike
 58502 | Coc:7    | Killed a shard shrike
 58591 | Coc:7    | Lost mutation: You occasionally shout uncontrollably at your foes. [potion of mutation]
 58591 | Coc:7    | Lost mutation: Your system is resistant to poisons. (rPois) [potion of mutation]
 58591 | Coc:7    | Gained mutation: Armour fits poorly on your strangely shaped body. [potion of mutation]
 58591 | Coc:7    | Gained mutation: You have sharp fingernails. [potion of mutation]
 58591 | Coc:7    | Killed from afar by Antaeus

Vault maps used:
D:1:      dpeg_arrival_morbid_curiosity
D:2:      uniq_jessica, uniq_sigmund, uniq_natasha
D:3:      first_ration, columned_hall_lemuel, kennysheep_generic_room_7,
          uniq_crazy_yiuf_cottage
D:4:      wad_crossroads, serial_shops, nicolae_shop_window_shopping,
          serial_co_window_serial, co_window_corner_a, co_window_paths_b,
          co_window_corner_a, co_window_corner_a, co_window_paths_b,
          co_window_corner_b, co_window_broadway_b, co_window_unsneaky_path_e,
          co_window_4corner_b, glass_columns_a, glass_columns_b,
          glass_columns_a, glass_columns_b, glass_columns_b, uniq_ijyb
D:5:      temple_green
D:6:      kennysheep_orc_sif_temple, uniq_pikel
D:7:      palyth_stone_intersect
D:8:      okawaru_humans
D:9:      minmay_the_grid_triangle_9x9_rhombus_full
D:10:     kennysheep_windowed_halls, erik_lair_island, grunt_livestock,
          kennysheep_generic_room_12
D:11:     small_chamber_with_monster
D:12:     uniq_nessos
D:13:     hangedman_vaults_entry_quadrant_bands
D:15:     gammafunk_enter_depths_forms, serial_bayou_lagoon_a, uniq_urug,
          uniq_agnes
Temple:   compressed_dpeg_triangle_lava_temple
Lair:1:   minivault_19, lemuel_fruit_fields, lemuel_fruit_fields,
          minmay_lair_oklob_chamber, grunt_megastairs_4, uniq_nergalle
Lair:2:   nicolae_swamp_entry_splash_gauntlet, spider_nest_entry_webs,
          serial_bayou_shore_b
Lair:3:   roderic_carrion_pond
Lair:4:   serial_bayou_shore_a, grunt_megastairs_1, serial_bayou_shore_b,
          uniq_josephine
Lair:5:   minivault_24
Lair:6:   gammafunk_lair_ancient_temple, slime_altar_1, serial_forest,
          infiniplex_forest_fountain, infiniplex_forest_straight_3,
          infiniplex_forest_clump_small, infiniplex_forest_clump_tiny,
          infiniplex_forest_pool, infiniplex_forest_join,
          infiniplex_forest_lined_room_3, kennysheep_snail_temple
Slime:3:  nicolae_slime_pool, dissolution_awaits
Orc:1:    basic_altar
Orc:2:    grunt_orc_community_town_hall, grunt_orc_community_big_house_2,
          grunt_orc_community_big_house_1, grunt_orc_community_house_3,
          grunt_orc_community_house_2, grunt_orc_community_house_3,
          grunt_orc_community_house_3, grunt_orc_community_house_2, basic_altar,
          uniq_rupert
Elf:1:    minmay_elf_arrival_circle, serial_shops, nicolae_shop_window_shopping,
          hangedman_elf_disciples, minmay_shop_star
Elf:2:    serial_shops, shop, uniq_asterion
Elf:3:    minmay_elf_hall_not_hex, portal_ice_cave_entry_ice_statue_one,
          infiniplex_enter_wizlab_water, serial_shops, shop,
          minmay_misc_feat_columns
Depths:1: special_room, pan_entry, pf_hell_entry_tar_river, grunt_ministairs_2,
          kennysheep_just_a_vault
Depths:2: radiant_caverns_a_rkd, hell_entry, abyss_entry, uniq_jorgrun,
          uniq_enchantress, uniq_mara, uniq_saint_roka
Depths:3: nicolae_legendary_halls, hangedman_geh_valley, grunt_pan_entry_zigzag,
          ashenzari_altar_1, uniq_mennas
Depths:4: minmay_ambush_box, enter_ziggurat_d, hangedman_abyss_or_decor_stagger,
          minmay_room_of_horrors, rand_demon_pan_entry_9, hell_entry,
          grunt_megastairs_2, firewood_loft, minmay_staircase_bubble
Depths:5: evilmike_zot_entry_hall, abyss_entry_flame_altar,
          rand_demon_pan_entry_1, grunt_hell_entry_dis_old,
          hangedman_decor_slide_cut, glass_columns_a,
          serial_sigils_hangedman_writhe
Dis:1:    hangedman_dis_monolith
Coc:7:    coc_old
Abyss:1:  bh_abyss_exit_choice
Abyss:2:  gammafunk_corrupted_shrine
Abyss:3:  dshaligram_kb_abyss_rune_zappy_water_cross,
          hangedman_abyss_or_decor_passed
Abyss:4:  nicolae_abyss_rune_left_handed
Abyss:5:  evilmike_abyss_exit_11, evilmike_abyss_exit_6
WizLab:   wizlab_cigotuvi

Skill      XL: |  1  2  3  4  5  6  7  8  9 10 11 12 13 14 15 16 17 18 19 20 21 22 23 24 25 26 |
---------------+-------------------------------------------------------------------------------+-----
Fighting       | 1 2 3 4 5 6 7 8 10 12 14 15 | 15.0
Conjurations   | 2 3 4 5 7 9 11 13 14 15 16 17 18 19 20 21 | 21.0
Dodging        | 3 4 5 6 7 8 9 11 13 15 16 | 16.0
Shields        | 3 4 |  4.0
Spellcasting   | 3 5 7 9 11 12 14 15 16 17 18 19 20 21 22 23 24 | 24.1
Air Magic      | 5 7 9 11 12 14 15 16 17 18 19 20 21 22 23 24 | 24.1
Invocations    | 1 8 9 10 11 12 | 12.0
Evocations     | 3 4 |  4.0
Staves         | 12 | 12.0
Stealth        | |  2.0

Action                   |  1- 3 |  4- 6 |  7- 9 | 10-12 | 13-15 | 16-18 | 19-21 | 22-24 | 25-27 || total
-------------------------+-------+-------+-------+-------+-------+-------+-------+-------+-------++-------
Melee: Mace              |    45 |    70 |     2 |       |       |       |       |       |       ||   117
       Unarmed           |     9 |       |       |       |       |       |       |       |       ||     9
       Kick              |     9 |    18 |    12 |    20 |    22 |     4 |     3 |   118 |    53 ||   259
       Peck              |     5 |    11 |     8 |     9 |    16 |     2 |     3 |    65 |    31 ||   150
       Staff             |       |       |    47 |    70 |    40 |    13 |    11 |   434 |   145 ||   760
 Fire: Hunting sling     |       |       |    36 |    20 |       |       |       |       |       ||    56
Throw: Tomahawk          |     6 |       |       |       |       |       |       |       |       ||     6
 Cast: Shock             |    35 |    75 |    95 |       |       |       |       |       |       ||   205
       Airstrike         |       |       |    84 |   371 |   405 |   138 |   252 |   172 |    98 ||  1520
       Static Discharge  |       |       |     8 |    71 |    29 |       |       |       |       ||   108
       Lightning Bolt    |       |       |       |    39 |    32 |     9 |       |       |    25 ||   105
       Blink             |       |       |       |     3 |     6 |     1 |     5 |       |     1 ||    16
       Sticks to Snakes  |       |       |       |     2 |     1 |     2 |       |       |       ||     5
       Mephitic Cloud    |       |       |       |     2 |     3 |     1 |       |       |       ||     6
       Summon Lightning  |       |       |       |     2 |     1 |       |       |       |       ||     3
       Swiftness         |       |       |       |     1 |     2 |     2 |     1 |       |       ||     6
       Orb of Destructio |       |       |       |       |   130 |   222 |   181 |    32 |    22 ||   587
       Deflect Missiles  |       |       |       |       |     2 |     2 |     3 |     3 |       ||    10
       Passwall          |       |       |       |       |       |     1 |       |       |     1 ||     2
       Chain Lightning   |       |       |       |       |       |    18 |    74 |   168 |    47 ||   307
       Passage of Golubr |       |       |       |       |       |       |     1 |       |       ||     1
       Tornado           |       |       |       |       |       |       |     3 |    17 |    18 ||    38
       Regeneration      |       |       |       |       |       |       |       |    20 |    25 ||    45
Invok: Divine Energy     |       |       |     1 |       |       |       |       |       |       ||     1
       Channel Magic     |       |       |       |       |       |    17 |     9 |    26 |    18 ||    70
 Abil: Fly               |       |     1 |     3 |    12 |     7 |       |       |       |       ||    23
       Stop Flying       |       |       |       |       |     1 |       |       |       |       ||     1
Evoke: Staff of energy   |       |       |       |       |       |       |       |     7 |       ||     7
  Use: Scroll            |     3 |     3 |     5 |    17 |     6 |    12 |     8 |     2 |     5 ||    61
       Potion            |       |       |       |     4 |     1 |     1 |     6 |     6 |     7 ||    25
 Stab: Sleeping          |     3 |     5 |       |       |       |       |       |     5 |       ||    13
       Distracted        |       |       |       |       |     1 |       |       |     1 |       ||     2
  Eat: Chunk             |     1 |     6 |    24 |    53 |    48 |    45 |    20 |    20 |     8 ||   225
       Ration            |       |       |     1 |     2 |    12 |    16 |    17 |    17 |     8 ||    73
Armor: Robe              |    21 |    12 |    14 |    10 |     5 |    13 |    73 |   203 |    81 ||   432
       Troll leather arm |       |       |       |    43 |       |       |       |       |       ||    43
       Acid dragon scale |       |       |       |    21 |    73 |       |       |       |       ||    94
Dodge: Dodged            |    75 |    61 |   132 |   208 |   166 |    92 |   163 |   586 |   230 ||  1713
       Deflected         |       |       |       |       |    19 |    19 |    46 |    19 |    30 ||   133
Block: Buckler           |       |       |    49 |    73 |    57 |    52 |    62 |   265 |    80 ||   638

Table legend:
 A = Spawn XP
 B = Non-spawn XP
 C = Spawn XP percentage of total XP
 D = Spawn monster count
 E = Non-spawn monster count
 F = Spawn count percentage of total count
 G = Total turns spent on level
                    A         B        C        D         E        F      G
               +---------+---------+-------+---------+---------+-------+---------
         Total |    7880 | 1225833 |   0.6 |      18 |    2060 |   0.9 | 58591
               +---------+---------+-------+---------+---------+-------+---------
           D:1 |       0 |      26 |   0.0 |       0 |      17 |   0.0 |   816
           D:2 |       0 |     348 |   0.0 |       0 |      24 |   0.0 |   925
           D:3 |       0 |     134 |   0.0 |       0 |      22 |   0.0 |   911
           D:4 |       0 |     622 |   0.0 |       0 |      23 |   0.0 |  1444
           D:5 |       0 |     788 |   0.0 |       0 |      20 |   0.0 |  1472
           D:6 |       0 |    2225 |   0.0 |       0 |      43 |   0.0 |   892
           D:7 |       0 |    3253 |   0.0 |       0 |      23 |   0.0 |  1331
           D:8 |       0 |    1465 |   0.0 |       0 |      38 |   0.0 |   784
           D:9 |       0 |    6160 |   0.0 |       0 |      39 |   0.0 |  2173
          D:10 |       0 |    9501 |   0.0 |       0 |      63 |   0.0 |  2439
          D:11 |       0 |    4338 |   0.0 |       0 |      24 |   0.0 |   933
          D:12 |       0 |    4497 |   0.0 |       0 |      17 |   0.0 |  1391
          D:13 |       0 |   10300 |   0.0 |       0 |      33 |   0.0 |  1851
          D:14 |       0 |    5653 |   0.0 |       0 |      18 |   0.0 |  1273
          D:15 |       0 |   24044 |   0.0 |       0 |      46 |   0.0 |  1826
        Lair:1 |       0 |    6232 |   0.0 |       0 |      21 |   0.0 |   871
        Lair:2 |       0 |    2641 |   0.0 |       0 |      19 |   0.0 |   660
        Lair:3 |       0 |    4332 |   0.0 |       0 |      25 |   0.0 |  1102
        Lair:4 |       0 |    9700 |   0.0 |       0 |      41 |   0.0 |   775
        Lair:5 |       0 |    3542 |   0.0 |       0 |      17 |   0.0 |   671
        Lair:6 |       0 |   15463 |   0.0 |       0 |      43 |   0.0 |  1078
       Slime:1 |       0 |   20494 |   0.0 |       0 |      30 |   0.0 |   313
       Slime:2 |       0 |   23383 |   0.0 |       0 |      40 |   0.0 |   733
       Slime:3 |       0 |   34470 |   0.0 |       0 |      29 |   0.0 |   944
       Slime:4 |       0 |   16972 |   0.0 |       0 |      10 |   0.0 |   953
       Slime:5 |       0 |   52218 |   0.0 |       0 |      35 |   0.0 |   759
         Orc:1 |       0 |    5740 |   0.0 |       0 |      38 |   0.0 |  1326
         Orc:2 |       0 |   16102 |   0.0 |       0 |     115 |   0.0 |  2176
         Elf:1 |       0 |   24053 |   0.0 |       0 |      41 |   0.0 |  1664
         Elf:2 |       0 |   33564 |   0.0 |       0 |      43 |   0.0 |  1713
         Elf:3 |       0 |   58960 |   0.0 |       0 |      57 |   0.0 |  2693
      Depths:1 |       0 |   79798 |   0.0 |       0 |      93 |   0.0 |  4046
      Depths:2 |       0 |   99624 |   0.0 |       0 |     141 |   0.0 |  4724
      Depths:3 |       0 |   64313 |   0.0 |       0 |      53 |   0.0 |  1759
      Depths:4 |       0 |   90929 |   0.0 |       0 |     108 |   0.0 |  2573
      Depths:5 |       0 |   74906 |   0.0 |       0 |      62 |   0.0 |  2218
          Hell |       0 |   74148 |   0.0 |       0 |     108 |   0.0 |  1413
         Coc:1 |       0 |   38664 |   0.0 |       0 |      34 |   0.0 |   144
         Coc:2 |       0 |   18534 |   0.0 |       0 |      57 |   0.0 |   289
         Coc:3 |       0 |   43511 |   0.0 |       0 |      45 |   0.0 |   255
         Coc:4 |       0 |    9847 |   0.0 |       0 |      12 |   0.0 |    37
         Coc:5 |       0 |   23635 |   0.0 |       0 |      47 |   0.0 |    87
         Coc:6 |       0 |    9151 |   0.0 |       0 |      10 |   0.0 |    89
         Coc:7 |       0 |  139034 |   0.0 |       0 |     148 |   0.0 |   657
       Abyss:2 |    4852 |   20513 |  19.1 |      14 |      24 |  36.8 |   523
       Abyss:4 |    3028 |   13151 |  18.7 |       4 |      14 |  22.2 |    80
        WizLab |       0 |   24855 |   0.0 |       0 |      50 |   0.0 |   695
               +---------+---------+-------+---------+---------+-------+---------
